 Dungeon Crawl Stone Soup version 0.23.2-1-ga50397a6bc (webtiles) character file.

Game seed: 8365567212098910093

3791 Gargoyl the Chopper (level 9, -1/74 HPs)
             Began as a Centaur Abyssal Knight on Apr 13, 2019.
             Was an Elder of Lugonu.
             Succumbed to a killer bee's poison
             ... on level 8 of the Dungeon on Apr 15, 2019.
             The game lasted 00:16:21 (9968 turns).

Gargoyl the Chopper (Centaur Abyssal Knight)        Turns: 9968, Time: 00:16:22

Health: -1/74      AC: 23    Str: 16    XL:     9   Next: 95%
Magic:  13/14      EV:  4    Int: 11    God:    Lugonu [****..]
Gold:   238        SH:  0    Dex: 11    Spells: 8/8 levels left

rFire    . . .     SeeInvis .   s - +0 war axe (elec)
rCold    . . .     Gourm    .   (no shield)
rNeg     + . .     Faith    .   f - +2 plate armour
rPois    .         Spirit   .   p - +0 helmet
rElec    .         Reflect  .   F - +0 cloak {MR+}
rCorr    .         Harm     .   E - +0 pair of gloves
MR       +....                  (no barding)
Stlth    ..........             (no amulet)
HPRegen  0.22/turn              d - +3 ring of protection
MPRegen  0.14/turn              h - ring of positive energy

@: lethally poisoned (-1 -> -24), very quick
A: large, hooves 3, iridescent scales 1, thin metallic scales 1, blink, deformed
body, speed 2, high mp 1, tough skin 3
a: Blink, Depart the Abyss, Bend Space, Banish, Corrupt, Renounce Religion


You were on level 8 of the Dungeon.
You worshipped Lugonu.
Lugonu was greatly pleased with you.
You were very hungry.

You visited 1 branch of the dungeon, and saw 8 of its levels.
You visited the Abyss 1 time.

You collected 374 gold pieces.
You spent 136 gold pieces at shops.

Inventory:

Hand Weapons
 a - a +1 hand axe
 m - a +3 war axe
 s - a +0 war axe of electrocution (weapon)
Armour
 f - a +2 plate armour (worn)
 p - a +0 helmet (worn)
 E - a +0 pair of gloves (worn)
 F - a +0 cloak of magic resistance (worn)
Jewellery
 d - a +3 ring of protection (left hand)
 h - a ring of positive energy (right hand)
Wands
 e - a wand of flame (29)
 x - a wand of iceblast (4)
 y - a wand of digging (7)
 A - a wand of acid (7)
 D - a wand of scattershot (5)
Scrolls
 b - 3 scrolls of identify
 g - 3 scrolls of amnesia
 k - a scroll of teleportation
 l - 6 scrolls of magic mapping
 r - 2 scrolls of remove curse
 u - a scroll of fog
 B - a scroll of blinking
Potions
 i - a potion of flight
 j - a potion of curing
 n - a potion of magic
 t - 3 potions of haste
Comestibles
 c - 5 rations


   Skills:
 + Level 5.5 Fighting
 + Level 7.0 Axes
 + Level 0.4 Throwing
 * Level 6.4 Armour
 * Level 4.1 Dodging
 * Level 6.1 Invocations
 + Level 0.8 Evocations


You had 8 spell levels left.
You didn't know any spells.
Your spell library contained the following spells:

 Spells                   Type           Power        Failure   Level  Hunger
 Magic Dart               Conj           #...         100%        1    ##.....
 Searing Ray              Conj           #.....       100%        2    ###....
 Dazzling Spray           Conj/Hex       #.....       100%        3    ####...
 Force Lance              Conj/Tloc      #.......     100%        4    #####..
 Fulminant Prism          Conj/Hex       #.........   100%        4    #####..
 Iskenderun's Mystic Bla  Conj           #.......     100%        4    #####..


Dungeon Overview and Level Annotations

Branches:
Dungeon (8/15)             Temple (0/1) D:4
   Lair: D:8-11

Altars:
Ashenzari
Cheibriados
Dithmenos
Fedhas
Gozag
Kikubaaqudgha
Okawaru
Qazlal
Ru
Trog
Vehumet
Xom

Shops:
D:4 ?   D:8 (

Annotations:
Abyss:1 Psyche


Innate Abilities, Weirdness & Mutations

You have hooves in place of feet.
Armour fits poorly on your strangely shaped body.
You cover ground very quickly.
You have extremely tough skin. (AC +3)
You are partially covered in iridescent scales. (AC +2)
You are partially covered in thin metallic scales. (AC +2)
You can translocate small distances at will.
You have an increased reservoir of magic. (+10% MP)


Message History

You hear an angry buzzing noise.
The killer bee barely misses you. The killer bee stings you.
* * * LOW HITPOINT WARNING * * *
You are more poisoned.
The killer bee poisons you!
The killer bee stings you but does no damage. x2
Space bends sharply around you!
The killer bee blinks!
You kill the killer bee!
Lugonu accepts your kill.
You blink.
* * * LOW HITPOINT WARNING * * *
You feel very sick.
The killer bee stings you but does no damage.
The kobold hits you but does no damage. The killer bee stings you.
* * * LOW HITPOINT WARNING * * *
The killer bee stings you but does no damage. x2
* * * LOW HITPOINT WARNING * * *
You feel sick.
Your surroundings suddenly seem different.
You die...

.........# #..........#
..........###..........#
...........##..........#
.........#)##..........#
.........)∩'..†.........
.........#'#####........
...........# #.#######
..........## #......##
.......@..# ######..#
######(#### ##.# #.# #..
#.# #########..
#.#######.......(..
#<##....#.#########
#.##......# #######
#.##....### #......
#.......# #.....#


There were no monsters in sight!

Vanquished Creatures
  A komodo dragon (D:8)
  A hippogriff (D:7)
  A basilisk (D:8)
  An acid dragon (D:8)
  A water moccasin (D:8)
  A black bear (D:7)
  2 orc warriors (D:7)
  2 sky beasts
  An ice beast (D:6)
  A phantom (D:5)
  An ogre (D:5)
  5 centaurs
  A necrophage (D:7)
  A big kobold (D:8)
  A bullfrog (D:7)
  A wyvern zombie (D:6)
  10 killer bees
  2 scorpions
  3 wights (D:7)
  A crimson imp (D:5)
  A bullfrog zombie (D:7)
  A hound (D:6)
  A bullfrog skeleton (D:5)
  3 orc priests
  Crazy Yiuf (D:7)
  4 orc wizards
  2 centaur skeletons
  2 iguanas
  7 worker ants
  A hound zombie (D:7)
  5 adders
  3 oozes
  2 adder zombies (D:8)
  An adder skeleton (D:5)
  4 worms
  A dart slug (D:3)
  5 leopard geckos
  27 orcs
  2 ball pythons
  6 bats
  3 giant cockroaches
  8 goblins
  5 hobgoblins
  A jackal (D:2)
  5 quokkas
  8 frilled lizards
  9 kobolds
  A leopard gecko zombie (D:5)
  8 rats
165 creatures vanquished.

Vanquished Creatures (others)
  2 starspawn tentacles (Abyss:1)
2 creatures vanquished.

Grand Total: 167 creatures vanquished

Notes
Turn   | Place    | Note
-------+----------+-------------------------------------------
     0 | Abyss:1  | Gargoyl the Centaur Abyssal Knight began the quest for the
                  | Orb.
     0 | Abyss:1  | Reached XP level 1. HP: 19/19 MP: 2/2
    77 | Abyss:1  | Noticed a small abomination
   103 | Abyss:1  | Noticed a rust devil
   106 | Abyss:1  | Noticed a raiju
   106 | Abyss:1  | Noticed a small abomination
   106 | Abyss:1  | Noticed a tentacled starspawn
   176 | Abyss:2  | Noticed an iron imp
   178 | D:1      | Escaped the Abyss
   236 | D:1      | Reached XP level 2. HP: 26/26 MP: 3/3
   370 | D:1      | Reached * piety under Lugonu
   633 | D:1      | Reached skill level 1 in Dodging
   888 | D:2      | Reached XP level 3. HP: 27/31 MP: 4/4
  1022 | D:2      | Reached skill level 2 in Axes
  1600 | D:2      | Found a faded altar of an unknown god.
  1619 | D:2      | Reached XP level 4. HP: 38/38 MP: 5/5
  1671 | D:2      | Reached ** piety under Lugonu
  2037 | D:3      | Found an iron altar of Okawaru.
  2847 | D:3      | Found a sacrificial altar of Ru.
  2848 | D:3      | Found a shimmering altar of Xom.
  3267 | D:3      | Reached XP level 5. HP: 14/45 MP: 5/7
  3300 | D:3      | HP: 2/45 [poisoned by a worker ant]
  3728 | D:4      | Found a staircase to the Ecumenical Temple.
  3846 | D:4      | Found Xadeh's Magic Scroll Emporium.
  3849 | D:4      | Bought a scroll of teleportation for 39 gold pieces
  3849 | D:4      | Bought a scroll of enchant armour for 97 gold pieces
  3927 | D:4      | Found a shadowy altar of Dithmenos.
  4130 | D:5      | Entered Level 5 of the Dungeon
  4148 | D:5      | Reached skill level 3 in Axes
  4148 | D:5      | Reached XP level 6. HP: 48/52 MP: 8/8
  4471 | D:5      | Noticed a sky beast
  4493 | D:5      | Killed a sky beast
  4493 | D:5      | Reached XP level 7. HP: 29/59 MP: 9/9
  4694 | D:5      | Reached *** piety under Lugonu
  5257 | D:6      | Gained mutation: You are partially covered in rugged brown
                  | scales. (AC +1, +3% HP) [potion of mutation]
  5257 | D:6      | Gained mutation: You are clumsy. (Dex -2) [potion of
                  | mutation]
  5257 | D:6      | Gained mutation: You can translocate small distances at
                  | will. [potion of mutation]
  5257 | D:6      | Gained mutation: You are somewhat resistant to further
                  | mutation. [potion of mutation]
  5258 | D:6      | Lost mutation: You are somewhat resistant to further
                  | mutation. [potion of mutation]
  5258 | D:6      | Lost mutation: You are clumsy. (Dex -2) [potion of
                  | mutation]
  5258 | D:6      | Lost mutation: You are partially covered in rugged brown
                  | scales. (AC +1, +3% HP) [potion of mutation]
  5258 | D:6      | Gained mutation: You are partially covered in thin metallic
                  | scales. (AC +2) [potion of mutation]
  5258 | D:6      | Gained mutation: You are partially covered in iridescent
                  | scales. (AC +2) [potion of mutation]
  5258 | D:6      | Gained mutation: You have an increased reservoir of magic.
                  | (+10% MP) [potion of mutation]
  5317 | D:7      | Reached skill level 4 in Axes
  5543 | D:6      | Reached XP level 8. HP: 47/66 MP: 12/12
  5818 | D:6      | Reached skill level 5 in Axes
  6165 | D:7      | Noticed a hippogriff
  6187 | D:7      | Found a blossoming altar of Fedhas.
  6413 | D:7      | Reached skill level 5 in Invocations
  6570 | D:7      | Found a runed translucent door.
  6571 | D:7      | Noticed Crazy Yiuf
  6603 | D:7      | Reached skill level 6 in Axes
  6630 | D:7      | Killed a hippogriff
  6630 | D:7      | Reached skill level 5 in Armour
  6630 | D:7      | Reached XP level 9. HP: 31/73 MP: 14/14
  6890 | D:7      | Found a stormy altar of Qazlal.
  7167 | D:7      | Reached skill level 5 in Fighting
  7278 | D:7      | Found an ancient bone altar of Kikubaaqudgha.
  7278 | D:7      | Found a blossoming altar of Fedhas.
  7278 | D:7      | Found a bloodstained altar of Trog.
  7279 | D:7      | Found a snail-covered altar of Cheibriados.
  7281 | D:7      | Found an opulent altar of Gozag.
  7289 | D:7      | Reached **** piety under Lugonu
  7290 | D:7      | Found a shattered altar of Ashenzari.
  7291 | D:7      | Found a radiant altar of Vehumet.
  7459 | D:7      | Killed Crazy Yiuf
  7687 | D:8      | Noticed a komodo dragon
  7697 | D:8      | Killed a komodo dragon
  8584 | D:8      | Noticed Psyche
  8590 | D:7      | Banished Psyche
  9156 | D:8      | Found Cetorion's Weapon Shoppe.
  9487 | D:8      | Reached skill level 7 in Axes
  9644 | D:8      | Noticed a two-headed ogre
  9653 | D:8      | Noticed a queen bee
  9966 | D:8      | HP: 2/74 [killer bee (5)]
  9968 | D:8      | Succumbed to a killer bee's poison

Skill      XL: |  1  2  3  4  5  6  7  8  9 |
---------------+----------------------------+-----
Dodging        | 1 2 3 4 |  4.1
Axes           | 2 3 4 6 7 |  7.0
Armour         | 2 3 4 5 6 |  6.4
Invocations    | 3 4 5 6 |  6.1
Fighting       | 4 5 |  5.5
Throwing       | |  0.4
Evocations     | |  0.8

Action                   |  1- 3 |  4- 6 |  7- 9 || total
-------------------------+-------+-------+-------++-------
Melee: Hand axe          |   119 |   140 |       ||   259
       Kick              |    22 |    34 |   101 ||   157
       War axe           |       |    51 |   410 ||   461
Throw: Tomahawk          |       |       |     8 ||     8
Invok: Depart the Abyss  |     1 |       |       ||     1
       Bend Space        |       |     1 |     1 ||     2
       Banish            |       |       |     1 ||     1
Evoke: Wand              |       |    10 |       ||    10
  Use: Scroll            |     4 |     8 |    12 ||    24
       Potion            |     1 |     3 |    10 ||    14
 Stab: Invisible         |       |       |     2 ||     2
  Eat: Chunk             |     1 |     4 |    12 ||    17
       Ration            |       |     1 |     1 ||     2
Armor: Plate armour      |   121 |   193 |   620 ||   934
       Skin              |       |     2 |       ||     2
Dodge: Dodged            |    14 |    24 |   141 ||   179
